 Dungeon Crawl Stone Soup version 0.31-a0-859-g9dce7d3444 (webtiles) character file.

Game seed: 1177707025293294314

195328 Gargoyl the Severer (level 18, -11/116 HPs)
             Began as a Gargoyle Berserker on Oct 10, 2023.
             Was a Priest of Trog.
             Mangled by a vault guard
             ... wielding a +0 war axe
             ... led by a vault warden
              (24 damage)
             ... on level 1 of the Vaults on Oct 12, 2023.
             The game lasted 00:56:26 (25432 turns).

Gargoyl the Severer (Gargoyle Berserker)           Turns: 25432, Time: 00:56:26

Health: -11/116    AC: 41    Str: 19 (21) XL:     18   Next: 33%
Magic:  15/18      EV: 19    Int: 10      God:    Trog [***...]
Gold:   2410       SH:  9    Dex: 19 (21) Spells: 17/17 levels left

rFire   + . .        N - +5 broad axe (freeze)
rCold   . . .        G - +1 buckler {AC+3}
rNeg    + . .        l - +2 ring mail {rF+}
rPois   ∞            I - +2 helmet
rElec   +            h - +2 cloak
rCorr   +            x - +2 pair of gloves
SInv    +            M - +2 pair of boots
Will    +++..        s - amulet of regeneration
Stlth   ++           P - +6 ring of dexterity
HPRegen 2.19/turn    a - ring of resist corrosion
MPRegen 0.16/turn

%: clarity
@: about to teleport, strong-willed (expiring), on berserk cooldown, flying,
regenerating (expiring)
A: sickness immunity, AC +13, big wings, negative energy resistance 1,
electricity resistance, torment resistance 1, petrification resistance, claws 1,
see invisible, clarity, deterioration 1
}: 1/15 runes: decaying
a: Renounce Religion, Berserk, Trog's Hand


You were on level 1 of the Vaults.
You worshipped Trog.
Trog was most pleased with you.
You visited 4 branches of the dungeon, and saw 25 of its levels.
You also visited: Ice Cave.

You collected 3023 gold pieces.
You spent 613 gold pieces at shops.

Inventory:

Hand Weapons
 p - a +3 war axe of freezing
 y - a +3 war axe
 N - a +5 broad axe of freezing (weapon)
 Z - the +9 war axe "Ydopp" {flame, *Noise Int+5}
   (You found it on level 4 of the Swamp)

   Int+5:     It affects your intelligence (+5).
   *Noise:    It may make a loud noise when swung.
Missiles
 e - 11 curare-tipped darts (quivered)
 i - 128 poisoned darts
 z - a throwing net
Armour
 h - a +2 cloak (worn)
 l - a +2 ring mail of fire resistance (worn)
 x - a +2 pair of gloves (worn)
 G - a +1 buckler of protection (worn)
 I - a +2 helmet (worn)
 L - a +0 crystal plate armour of cold resistance
 M - a +2 pair of boots (worn)
Jewellery
 a - a ring of resist corrosion (right hand)
 r - a +6 ring of strength
 s - an amulet of regeneration (around neck)
 C - a ring of flight
 K - a ring of positive energy
 O - a ring of positive energy
 P - a +6 ring of dexterity (left hand)
 Q - a ring of positive energy
 U - an amulet of guardian spirit
 V - an amulet of regeneration
 W - an amulet of reflection
Wands
 n - a wand of mindburst (8)
 t - a wand of flame (44)
 u - a wand of charming (42)
 D - a wand of roots (32)
 J - a wand of digging (19)
 Y - a wand of quicksilver (4)
Scrolls
 c - a scroll of fear
 g - 2 scrolls of fog
 j - 4 scrolls of teleportation
 q - 11 scrolls of identify
 w - 2 scrolls of silence
 A - a scroll of revelation
 F - 3 scrolls of blinking
 H - 4 scrolls of vulnerability
 X - a scroll of poison
Potions
 b - 2 potions of invisibility
 d - 4 potions of curing
 f - 5 potions of resistance
 k - a potion of haste
 m - a potion of mutation
 o - 2 potions of might
 v - 2 potions of lignification
 B - 5 potions of berserk rage
 E - 2 potions of enlightenment
 S - 3 potions of attraction


   Skills:
 + Level 14.2 Fighting
 + Level 3.6 Long Blades
 + Level 17.5 Axes
 + Level 1.8 Throwing
 * Level 15.4 Armour
 * Level 12.8 Dodging
 + Level 4.0 Stealth
 * Level 12.7 Shields


You had 17 spell levels left.
You didn't know any spells.
Your spell library was empty.

Dungeon Overview and Level Annotations

Branches:
Dungeon (15/15)            Temple (0/1) D:4            Lair (5/5) D:8
  Swamp (4/4) Lair:3        Snake (0/4) Lair:2        Slime (0/5) Lair:4
    Orc (0/2) D:10         Vaults (1/5) D:13         Depths (0/4) D:15
  IceCv (visited)

Altars:
Dithmenos
Elyvilon
Fedhas
Gozag
Hepliaklqana
Nemelex Xobeh
Qazlal
Ru
Trog
Vehumet
Zin
Jiyva

Shops:
D:3 *   D:4 =   D:9 *   D:12 :   D:13 *   D:14 [   D:15 ?

Portals:
Trove: D:14 (give 16 scrolls of teleportation)


Innate Abilities, Weirdness & Mutations

You are immune to sickness and miasma.
Your stone body is resilient. (AC +13)
You are immune to poison.
Your large and strong wings let you fly.
You resist negative energy. (rN+)
You are resistant to electric shocks. (rElec)
You are resistant to unholy torment.
You are immune to petrification.
You have sharp fingernails.
You have supernaturally acute eyesight. (SInv)
You possess an exceptional clarity of mind.
Your body sometimes deteriorates upon taking damage.


Message History

The ironbound thunderhulk hits you with a +0 dire flail!
The lindwurm bites you but does no damage.
You block the lindwurm's attack. x2
The vault guard hits you with a +0 war axe!
The deep troll bites you!
* * * LOW HITPOINT WARNING * * *
The deep troll claws you but does no damage.
The deep troll barely misses you.
The yaktaur unwields a +0 arbalest.
The yaktaur closely misses you.
You feel better.
The vault sentinel casts a spell at you.
You resist with some effort. The lindwurm completely misses you.
You block the lindwurm's attack.
The lindwurm claws you but does no damage.
You block the vault guard's attack.
The ironbound preserver barely misses you.
The vault warden misses you. You block the deep troll's attack.
The deep troll claws you but does no damage.
You block the deep troll's attack. The yaktaur barely misses you.
Strange energies crackle from the ironbound thunderhulk's apparatus.
The ironbound thunderhulk blinks!
The vault guard hits you but does no damage.
The ironbound preserver barely misses you.
The ironbound convoker gestures at the ironbound thunderhulk while chanting.
The ironbound thunderhulk seems to grow stronger.
The deep troll misses you. You block the deep troll's attack.
The deep troll closely misses you. The lindwurm closely misses you.
The lindwurm misses you. x2; The wizard hits you but does no damage.
The vault warden hits you but does no damage.
As you read the scroll of teleportation, it crumbles to dust.
You feel strangely unstable.
The runic seals fade away.
You feel yourself speed up.
You feel the effects of Trog's Hand fading.
Electricity crackles from the ironbound thunderhulk's apparatus.
The bolt of lightning hits you!! You resist.
* * * LOW HITPOINT WARNING * * *
The yaktaur misses you. You block the vault sentinel's attack.
The lindwurm completely misses you. You block the lindwurm's attack. x2
The vault guard hits you with a +0 war axe!!
You die...

#......# #......#
#......# #......#
#......######+#####
#......#....O..#
#......#.......#
#......#.......#
#......#.....p.#
#......#[..OTpc#
#....))#(..pp@p#
#...$[)+)...kpp#
#.....[#).>.p..#
#....[.#.......#
#...[..#.......+
#......#########
#...[)÷#
#####+#####
#.[....#


You could see an ironbound preserver, a vault warden (strong), 2 ironbound
thunderhulks, 2 vault guards, an ironbound frostheart, a deep troll (sheltered),
a vault sentinel (strong, sheltered), a lindwurm, an ironbound convoker, a
yaktaur and a wizard (invisible).

Vanquished Creatures
  Jorgrun (Swamp:1)
  Gastronok (D:12)
  Frances (Swamp:1)
  A tengu reaver (D:12)
  Agnes (D:14)
  A thorn hunter (Swamp:4)
  Roxanne (Swamp:4)
  A frost giant (Vaults:1)
  A fenstrider witch (Swamp:4)
  A vault warden (Vaults:1)
  Louise (D:14)
  4 ironbound preservers (Vaults:1)
  An ironbound thunderhulk (Vaults:1)
  3 orc warlords
  7 eleionomae
  Nessos (D:14)
  3 dire elephants (D:13)
  3 bunyips
  An ettin (D:15)
  A crystal guardian (Vaults:1)
  Josephine (D:10)
  2 shambling mangroves
  A great orb of eyes (Vaults:1)
  5 yaktaur captains
  An entropy weaver (Vaults:1)
  A fire dragon (D:15)
  An ice dragon (D:12)
  Erolcha (D:11)
  19 hydras
  A vault guard (Vaults:1)
  3 ogre magi
  A peacekeeper (Vaults:1)
  5 ironbound frosthearts
  10 centaur warriors
  4 ghost crabs
  6 alligators
  10 boulder beetles
  4 two-headed ogres
  2 tengu warriors
  2 death knights
  Erica (D:9)
  Amaemon (D:11)
  5 goliath frogs
  3 skysharks
  A spriggan druid (Swamp:2)
  8 skeletal warriors
  10 swamp dragons
  A deep elf archer (D:15)
  4 bog bodies
  7 lindwurms (Vaults:1)
  8 deep trolls
  2 phantasmal warriors
  A deep elf zephyrmancer (D:15)
  A necromancer (IceCv)
  Pikel (D:4)
  An ironbound convoker (Vaults:1)
  4 wizards
  7 orc knights
  A mana viper (shapeshifter) (D:14)
  5 cyclopes
  A deep elf pyromancer (D:12)
  3 manticores
  8 elephants
  A will-o-the-wisp (Swamp:2)
  14 ugly things
  7 black mambas
  6 vault sentinels
  3 gargoyles
  An ice statue (IceCv)
  11 cane toads
  An orange demon (D:11)
  An efreet (D:12)
  3 kobold demonologists
  2 unseen horrors
  Maggie (D:7)
  9 komodo dragons
  8 freezing wraiths
  5 yaktaurs
  2 tengu conjurers
  2 rime drakes (Lair:4)
  11 ice devils (IceCv)
  A troll (shapeshifter) (D:15)
  4 trolls (D:12)
  8 polar bears
  18 hornets
  A wolf spider simulacrum (D:15)
  5 tyrant leeches
  A wind drake (shapeshifter) (D:15)
  5 blink frogs (Lair:5)
  4 dream sheep
  5 slime creatures
  A centaur simulacrum (D:15)
  20 spriggans
  A culicivora (Vaults:1)
  A shadow (D:10)
  9 wraiths
  3 wyverns
  A water elemental (D:12)
  4 basilisks
  48 yaks
  A vampire (D:13)
  A steam dragon (D:6)
  7 vampire mosquitoes
  4 death yak simulacra (IceCv)
  A redback (Vaults:1)
  3 nagas (Lair:2)
  Menkaure (D:4)
  4 harpy simulacra
  2 acid dragons
  A hydra simulacrum (IceCv)
  13 swamp worms
  18 water moccasins
  2 ice beasts (D:6)
  2 sky beasts
  11 swamp drakes
  5 black bears
  3 boggarts (Lair:5)
  8 ogres
  10 orc warriors
  20 wolves
  20 centaurs
  A lemure (D:4)
  4 phantoms
  28 kobold brigands
  12 bullfrogs
  2 gnoll sergeants (D:12)
  4 scorpions
  3 cane toad simulacra (IceCv)
  12 wights
  3 elephant simulacra (IceCv)
  7 howler monkeys
  15 electric eels
  3 hounds
  2 jellies
  11 orc priests
  2 iguanas
  A sleepcap (D:6)
  Natasha (thrice) (D:3)
  15 orc wizards
  6 hell rats (Lair:4)
  Terence (D:3)
  4 polar bear simulacra (IceCv)
  A statue (D:8)
  5 spriggan simulacra
  2 wolf simulacra (IceCv)
  3 troll simulacra
  6 gnolls (D:12)
  An adder (D:2)
  A naga simulacrum (D:11)
  A white imp (IceCv)
  2 ufetubi
  2 worms
  43 orcs
  4 bats
  6 endoplasms
  4 giant cockroaches
  12 goblins
  6 hobgoblins
  2 jackals (D:1)
  4 quokkas
  7 ball pythons
  5 frilled lizards
  36 kobolds
  8 rats
864 creatures vanquished.

Vanquished Creatures (collateral kills)
  A fenstrider witch (Swamp:3)
  A vault warden (Vaults:1)
  2 skeletal warriors (D:10)
  A deep troll (Vaults:1)
  An ugly thing (IceCv)
  An ice devil (IceCv)
  2 spriggans (Lair:5)
  A dire elephant simulacrum (IceCv)
  A wolf (Lair:5)
  A kobold brigand (D:10)
  An elephant simulacrum (IceCv)
  A polar bear simulacrum (IceCv)
  2 wolf simulacra (IceCv)
  4 kobolds (D:10)
20 creatures vanquished.

Vanquished Creatures (others)
  A wizard (Vaults:1)
  A yaktaur (D:15)
  2 tyrant leeches (Swamp:1)
  5 bloated husks
  A spriggan (Swamp:2)
  An adder (D:6)
  2 foxfires (Swamp:2)
13 creatures vanquished.

Grand Total: 897 creatures vanquished

Notes
Turn   | Place    | Note
-------+----------+-------------------------------------------
     0 | D:1      | Gargoyl the Gargoyle Berserker began the quest for the Orb.
     0 | D:1      | Reached XP level 1. HP: 14/14 MP: 1/1
    80 | D:1      | Reached XP level 2. HP: 9/19 MP: 2/2
   259 | D:1      | Reached skill level 3 in Axes
   456 | D:1      | Reached XP level 3. HP: 22/24 MP: 3/3
   846 | D:2      | Reached ** piety under Trog
  1060 | D:2      | Reached XP level 4. HP: 29/29 MP: 4/4
  1246 | D:3      | Found Qecuenlya's General Store.
  1290 | D:3      | Noticed Terence
  1301 | D:3      | Killed Terence
  1302 | D:3      | Reached XP level 5. HP: 10/33 MP: 5/5
  1312 | D:3      | Reached skill level 4 in Axes
  1408 | D:3      | Reached XP level 6. HP: 32/39 MP: 6/6
  1603 | D:3      | Noticed Natasha
  1612 | D:3      | Killed Natasha
  1639 | D:3      | Noticed Natasha
  1653 | D:3      | Killed Natasha
  1735 | D:3      | Found a faded altar of an unknown god.
  1778 | D:3      | Found a hazy altar of Hepliaklqana.
  1809 | D:3      | Noticed Natasha
  1813 | D:3      | Killed Natasha
  1813 | D:3      | Reached *** piety under Trog
  1944 | D:3      | Found a sparkling altar of Nemelex Xobeh.
  2058 | D:4      | Reached XP level 7. HP: 36/44 MP: 7/7
  2117 | D:4      | Noticed Pikel
  2128 | D:4      | Killed Pikel
  2129 | D:4      | Reached skill level 5 in Fighting
  2129 | D:4      | Reached skill level 5 in Axes
  2129 | D:4      | Reached skill level 5 in Armour
  2129 | D:4      | Reached XP level 8. HP: 49/49 MP: 8/8
  2131 | D:4      | Found a staircase to the Ecumenical Temple.
  2195 | D:4      | Found a bloodstained altar of Trog.
  2370 | D:4      | Noticed Menkaure
  2375 | D:4      | Killed Menkaure
  2376 | D:4      | Reached skill level 6 in Axes
  2464 | D:4      | Found a glowing silver altar of Zin.
  2631 | D:4      | Found Daesoopn's Jewellery Shoppe.
  2960 | D:5      | Entered Level 5 of the Dungeon
  3186 | D:5      | Reached skill level 1 in Stealth
  3270 | D:5      | Found a white marble altar of Elyvilon.
  3630 | D:5      | Reached skill level 7 in Axes
  3630 | D:5      | Reached XP level 9. HP: 50/54 MP: 9/9
  3715 | D:5      | You fall into a shaft and drop 2 floors!
  4278 | D:6      | Found a shadowy altar of Dithmenos.
  4345 | D:6      | Reached skill level 5 in Dodging
  4371 | D:6      | Reached skill level 8 in Axes
  5118 | D:6      | Reached XP level 10. HP: 16/61 MP: 10/10
  5800 | D:7      | Noticed Maggie
  5809 | D:7      | Killed Maggie
  5810 | D:7      | Reached skill level 9 in Axes
  6371 | D:8      | Found a radiant altar of Vehumet.
  6519 | D:8      | Found a stormy altar of Qazlal.
  6541 | D:8      | Found an opulent altar of Gozag.
  6560 | D:8      | Reached skill level 10 in Axes
  6562 | D:8      | Reached XP level 11. HP: 68/68 MP: 11/11
  6648 | D:8      | Found a staircase to the Lair.
  6930 | D:8      | Reached **** piety under Trog
  7042 | D:9      | Noticed a sun demon
  7093 | D:9      | Found Moisch's Overcharged Wands.
  7524 | D:9      | Noticed Erica
  7544 | D:9      | Killed Erica
  7897 | Lair:1   | Entered Level 1 of the Lair of Beasts
  8462 | Lair:1   | Reached skill level 1 in Shields
  8877 | Lair:2   | You fall into a shaft and drop 2 floors!
  8886 | Lair:4   | Reached skill level 11 in Axes
  8923 | Lair:4   | Noticed a boulder beetle
  8968 | Lair:4   | Killed a boulder beetle
  9126 | Lair:4   | Found a staircase to the Slime Pits.
  9127 | Lair:4   | Found a viscous altar of Jiyva.
  9183 | Lair:3   | Reached XP level 12. HP: 57/75 MP: 12/12
  9216 | Lair:3   | Noticed a skyshark
  9230 | Lair:3   | Killed a skyshark
  9306 | Lair:3   | Reached skill level 10 in Armour
  9425 | Lair:3   | Noticed a six-headed hydra
  9439 | Lair:3   | Killed a two-headed hydra
  9495 | Lair:3   | Noticed a skyshark
  9509 | Lair:3   | Killed a skyshark
  9618 | Lair:2   | Reached skill level 1 in Long Blades
  9652 | Lair:2   | Reached skill level 12 in Axes
 10005 | Lair:2   | Found a staircase to the Snake Pit.
 10610 | Lair:3   | Found a staircase to the Swamp.
 10896 | Lair:4   | Gained mutation: You are agile. (Dex +4, Str/Int -1)
                  | [potion of mutation]
 10896 | Lair:4   | Gained mutation: You are covered in fur. (AC +1) [potion of
                  | mutation]
 10937 | Lair:4   | Noticed an eight-headed hydra
 10951 | Lair:4   | Killed a two-headed hydra
 11003 | Lair:4   | Reached XP level 13. HP: 73/80 MP: 13/13
 11016 | Lair:4   | Identified the +3 long sword of the Magic Mushroom {drain,
                  | rF+ Will++ Str-5 SInv}
 11029 | Lair:4   | Reached skill level 5 in Shields
 11587 | Lair:5   | Entered Level 5 of the Lair of Beasts
 11689 | Lair:5   | Reached skill level 13 in Axes
 11924 | Lair:5   | Reached skill level 10 in Fighting
 12497 | Lair:5   | Gained mutation: Your large and strong wings let you fly.
                  | [Gargoyle growth]
 12497 | Lair:5   | Reached XP level 14. HP: 88/88 MP: 14/14
 12536 | Lair:5   | Reached ***** piety under Trog
 12864 | Lair:5   | Found a hazy altar of Hepliaklqana.
 13321 | D:10     | Entered Level 10 of the Dungeon
 13458 | D:10     | Reached skill level 14 in Axes
 13539 | D:10     | Found a sacrificial altar of Ru.
 13545 | D:10     | Noticed Josephine
 13639 | D:10     | Killed Josephine
 13971 | D:10     | Reached skill level 10 in Dodging
 14109 | D:10     | Identified the +3 halberd of the Heavens {freeze, Fly Will-
                  | MP+9 Str+3}
 14186 | D:10     | Found a staircase to the Orcish Mines.
 14348 | D:11     | Found a frozen archway.
 14417 | IceCv    | Entered an ice cave
 14430 | IceCv    | Received a gift from Trog
 14884 | IceCv    | Found an ancient bone altar of Kikubaaqudgha.
 15346 | D:11     | Noticed Erolcha
 15355 | D:11     | Killed Erolcha
 15954 | D:11     | Noticed Amaemon
 15963 | D:11     | Reached XP level 15. HP: 94/94 MP: 15/15
 15968 | D:11     | Killed Amaemon
 16184 | D:12     | Found Mimpois's Book Emporium.
 16508 | D:12     | Reached skill level 15 in Axes
 16564 | D:12     | Noticed a tengu reaver
 16586 | D:12     | Killed a tengu reaver
 16835 | D:12     | Noticed Gastronok
 16855 | D:12     | Killed Gastronok
 17405 | D:13     | Found Leim Besk's Assorted Antiques.
 17413 | D:13     | Bought a scroll of teleportation for 63 gold pieces
 17413 | D:13     | Bought a scroll of blinking for 157 gold pieces
 17413 | D:13     | Bought a potion of curing for 63 gold pieces
 17477 | D:13     | Paralysed by an ogre mage for 4 turns
 17546 | D:13     | Found a gate to the Vaults.
 17727 | D:13     | Found a gate leading to a gauntlet.
 17953 | D:13     | Found a blossoming altar of Fedhas.
 18180 | D:13     | Identified the +0 robe "Beri Nul" {rF+ Dex+3}
 18425 | D:14     | Noticed Nessos
 18452 | D:14     | Killed Nessos
 18575 | D:14     | Found Faereter's Armour Shoppe.
 18639 | D:14     | Noticed Louise
 18716 | D:13     | Reached skill level 1 in Throwing
 18725 | D:13     | Reached XP level 16. HP: 63/101 MP: 16/16
 18790 | D:14     | Killed Louise
 18811 | D:14     | Found a portal to a secret trove of treasure.
 18811 | D:14     | Noticed Agnes
 18827 | D:14     | Killed Agnes
 18828 | D:14     | Reached skill level 10 in Shields
 19095 | D:15     | Entered Level 15 of the Dungeon
 19110 | D:15     | Found Loweekku's Magic Scroll Shoppe.
 19120 | D:15     | Bought a scroll of enchant armour for 97 gold pieces
 19120 | D:15     | Bought a scroll of enchant weapon for 97 gold pieces
 19120 | D:15     | Bought a scroll of teleportation for 39 gold pieces
 19120 | D:15     | Bought a scroll of blinking for 97 gold pieces
 19472 | D:15     | Identified the +1 short sword of Ignis's Regard {heavy,
                  | Fragile +Blink Str+3 Dex+4}
 19580 | D:15     | Found a staircase to the Depths.
 19795 | D:15     | Reached skill level 16 in Axes
 19825 | D:15     | Identified the +8 chain mail of Quwnourph {Rampage rC+ MP+9
                  | Str-5 Dex+3}
 20210 | Swamp:1  | Entered Level 1 of the Swamp
 20642 | Swamp:1  | Noticed Frances
 20668 | Swamp:1  | Killed Frances
 20716 | Swamp:1  | Noticed Jorgrun
 20727 | Swamp:1  | Killed Jorgrun
 21598 | Swamp:3  | Noticed a fenstrider witch
 21599 | Swamp:3  | Identified a scroll of acquirement
 21599 | Swamp:3  | Acquired 443 gold pieces
 21607 | Swamp:3  | Killed a fenstrider witch
 21685 | Swamp:3  | Reached XP level 17. HP: 93/108 MP: 17/17
 22283 | Swamp:4  | Entered Level 4 of the Swamp
 22314 | Swamp:4  | Lost mutation: You are covered in fur. (AC +1) [potion of
                  | mutation]
 22314 | Swamp:4  | Lost mutation: You are agile. (Dex +4, Str/Int -1) [potion
                  | of mutation]
 22314 | Swamp:4  | Gained mutation: You have sharp fingernails. [potion of
                  | mutation]
 22314 | Swamp:4  | Gained mutation: Your body sometimes deteriorates upon
                  | taking damage. [potion of mutation]
 22314 | Swamp:4  | Gained mutation: You possess an exceptional clarity of
                  | mind. [potion of mutation]
 22314 | Swamp:4  | Gained mutation: You have supernaturally acute eyesight.
                  | (SInv) [potion of mutation]
 22349 | Swamp:4  | Paralysed by a fenstrider witch for 3 turns
 22387 | Swamp:4  | Noticed Roxanne
 23530 | Swamp:4  | Identified the +9 war axe "Ydopp" {flame, *Noise Int+5}
 23562 | Swamp:4  | Got a decaying rune of Zot
 23707 | Swamp:4  | Killed Roxanne
 24062 | Vaults:1 | Entered Level 1 of the Vaults
 24145 | Vaults:1 | Reached skill level 17 in Axes
 24163 | Vaults:1 | HP: 4/109 [phantasmal warrior (4)]
 24286 | Vaults:1 | Reached skill level 15 in Armour
 24694 | D:13     | Reached XP level 18. HP: 110/116 MP: 18/18
 25432 | Vaults:1 | Mangled by a vault guard

Illustrated notes

Levels and vault maps discovered:
D:1:      dpeg_arrival_prison, layout_rooms, chequers_serial_rivers_micro_e,
          serial_bayou_lagoon_a, hex_intersection
D:2:      layout_rooms
D:3:      minmay_bubble_buster, layout_rooms, mainiacjoe_overflow_chevrons,
          nemelex_spade_bored_becter, chequers_ecumenical_altar_island,
          serial_shops, shop, serial_park_tiny_1, uniq_natasha, uniq_terence
D:4:      layout_gridville, zin_academy, mainiacjoe_overflow_24_doors,
          minmay_temple_entry_stoned_glass, serial_shops,
          nicolae_shop_peninsula, uniq_pikel, uniq_menkaure
D:5:      layout_loops_corners, mainiacjoe_overflow_cross_hatched,
          minmay_strange_pillars
D:6:      layout_basic, old_standard_altar, serial_bayou, serial_bayou_pond_c,
          serial_bayou_pond_e, serial_bayou_lake_a, serial_bayou_shore_a,
          centaur_isle
D:7:      layout_loops_ring, enter_ossuary_2, uniq_maggie
D:8:      layout_basic, nicolae_qazlal_general_emergency, vehumet_statue,
          nicolae_gozag_seed_capital, dpeg_oklobed_lair
D:9:      layout_loops_ring, nicolae_shop_overcharged_wands, uniq_erica
D:10:     layout_roguey [special_room_kobold], mainiacjoe_overflow_catwalk,
          erik_orc_1, hangedman_ranch, uniq_josephine
D:11:     layout_stronghold, portal_ice_cave_entry_ice_simulacra, uniq_amaemon,
          uniq_erolcha
D:12:     evilmike_diamond_1, layout_basic, serial_shops, shop, uniq_gastronok
D:13:     layout_roguey, hangedman_vaults_entry_quadrant_bands,
          gauntlet_entry_generic, serial_shops, nicolae_shop_crystal,
          fedhas_ov_isle_minmay
D:14:     layout_rooms, enter_trove_1, serial_shops, kennysheep_little_box,
          kennysheep_boxes, uniq_nessos, uniq_louise, uniq_agnes
D:15:     hangedman_depths_entry_civil_slaughter, layout_small_grid,
          serial_shops, shop, nicolae_the_louvre, minivault_12
Lair:1:   layout_loops_ring, fungi_pond_lemuel, lemuel_old_faithful
Lair:2:   layout_misc_corridors, nicolae_snake_entry_squirm, lemuel_fruit_tree
Lair:3:   layout_cave_pods, minmay_swamp_entry_worms
Lair:4:   layout_loops_ring, slime_entry_1, cheibrodos_lair_lostbears,
          grunt_megastairs_3
Lair:5:   minmay_lair_end_enchanted_forest, layout_cave_pods,
          lemuel_centaur_altar, grunt_megastairs_5
Swamp:1:  layout_basic_swamp, evilmike_swamp_ruin_house_4, uniq_frances,
          uniq_jorgrun
Swamp:2:  layout_basic_swamp, nicolae_swamp_tree_designs
Swamp:3:  layout_falls_marsh, hangedman_swamp_lotus, swamp_pool4,
          nicolae_swamp_super_fun_site
Swamp:4:  swamp, layout_basic_swamp, infiniplex_staircase_pool_2, uniq_roxanne
Vaults:1: nicolae_vaults_closet_pinwheel_4, nicolae_vaults_corpse_flower,
          v_rooms_1, hangedman_vaults_impose, nicolae_vaults_lightning_bolt,
          ontoclasm_vaults_ring_small, hangedman_vaults_unwind,
          hangedman_vaults_stream, nicolae_vaults_closet_pinwheel_3,
          nicolae_vaults_surprise_closet, v_alt_pattern_4,
          vaults_dpeg_emergency_exit, layout_vaults_omnibox

Skill      XL: |  1  2  3  4  5  6  7  8  9 10 11 12 13 14 15 16 17 18 |
---------------+-------------------------------------------------------+-----
Axes           | 3 4 5 7 8 10 11 12 13 14 15 16 17 | 17.5
Fighting       | 4 5 6 7 8 9 10 11 12 13 14 | 14.2
Armour         | 3 4 5 6 7 8 9 10 11 12 13 14 15 | 15.4
Dodging        | 2 3 4 5 6 7 8 9 10 11 12 | 12.8
Stealth        | 1 2 3 4 |  4.0
Shields        | 2 4 6 8 9 11 12 | 12.7
Long Blades    | 1 2 3 |  3.6
Throwing       | 1 |  1.8

Action                     |  1- 3 |  4- 6 |  7- 9 | 10-12 | 13-15 | 16-18 || total
---------------------------+-------+-------+-------+-------+-------+-------++-------
  Melee: Hand axe          |   118 |   107 |       |       |       |       ||   225
         Punch             |     1 |     1 |     5 |     4 |       |       ||    11
         War axe           |       |    14 |   255 |   644 |   708 |   147 ||  1768
         Scimitar          |       |       |       |    24 |    23 |   115 ||   162
         Broad axe         |       |       |       |       |   476 |   743 ||  1219
  Throw: Dart              |       |     1 |       |       |    18 |    10 ||    29
 Invoke: Berserk           |     1 |     2 |     8 |    16 |    25 |    25 ||    77
         Trog's Hand       |       |     2 |     9 |    13 |    17 |    28 ||    69
         Brothers in Arms  |       |       |       |       |     6 |     6 ||    12
  Evoke: Wand              |       |       |       |       |       |     1 ||     1
    Use: Scroll            |     4 |     3 |     9 |    10 |     9 |    19 ||    54
         Potion            |       |       |     1 |     2 |       |    19 ||    22
   Stab: Sleeping          |       |       |       |       |     1 |     2 ||     3
         Distracted        |       |       |       |       |     1 |     1 ||     2
 Armour: Animal skin       |    14 |       |       |       |       |       ||    14
         Scale mail        |    84 |    23 |       |       |       |       ||   107
         Ring mail         |       |    92 |   300 |   591 |   988 |  1332 ||  3303
  Dodge: Dodged            |    66 |    73 |   235 |   536 |   881 |  1260 ||  3051
  Block: Buckler           |       |       |       |    88 |   396 |   578 ||  1062

Table legend: (Time is in decaauts)
 A = Elapsed time spent in this place.
 B = Non-inter-level travel time spent in this place.
 C = Inter-level travel time spent in this place.
 D = Time resting spent in this place.
 E = Time spent auto-exploring this place.
 F = Levels seen in this place.
 G = Mean time per level.
                   A        B        C        D        E       F      G
               +--------+--------+--------+--------+--------+-----+--------+
         Total |  25914 |  24165 |   1749 |   2520 |  14082 |  26 |  996.7 |
       Dungeon |  15094 |  13952 |   1142 |   1263 |   8473 |  15 | 1006.3 |
          Lair |   5667 |   5224 |    443 |    105 |   3648 |   5 | 1133.4 |
         Swamp |   3610 |   3447 |    163 |    690 |   1589 |   4 |  902.5 |
        Vaults |    716 |    716 |      0 |    186 |    150 |   1 |  716.0 |
      Ice Cave |    826 |    826 |      0 |    274 |    220 |   1 |  826.0 |
               +--------+--------+--------+--------+--------+-----+--------+

Top non-repeatable levels by time:
    D:13: 1825 daAuts
     D:6: 1608 daAuts
  Lair:5: 1546 daAuts
  Lair:3: 1243 daAuts
    D:11: 1179 daAuts
 Swamp:4: 1122 daAuts
    D:12: 1081 daAuts
  Lair:4: 1079 daAuts
 Swamp:3: 1063 daAuts
    D:10: 1015 daAuts
     D:8: 1008 daAuts
     D:9: 976 daAuts
     D:5: 958 daAuts
     D:4: 953 daAuts
  Lair:1: 915 daAuts
